 Dungeon Crawl Stone Soup version 0.19-a0-958-gd69d43c (webtiles) character file.

91 HenryFlower the Changer (level 4, -4/28 HPs)
             Began as an Octopode Transmuter on July 11, 2016.
             Slain by a gnoll
             ... wielding a +0 halberd
              (13 damage)
             ... on level 2 of the Dungeon.
             The game lasted 00:03:48 (1964 turns).

HenryFlower the Changer (Octopode Transmuter)       Turns: 1964, Time: 00:03:49

Health: -4/28      AC:  2    Str:  9    XL:     4   Next: 57%
Magic:  3/7        EV: 19    Int: 16    God:
Gold:   90         SH:  0    Dex: 17    Spells: 3 memorised, 1 level left

rFire  . . .     SeeInvis .       - Unarmed
rCold  . . .     Gourm    .     (shield currently unavailable)
rNeg   . . .     Faith    .     (helmet currently unavailable)
rPois  x         Spirit   .     (no amulet)
rElec  .         Dismiss  .     (no ring)
rCorr  .         Reflect  .     (no ring)
SustAt .         Harm     .     (no ring)
MR     .....                    (no ring)
Stlth  ++........               (no ring)
                                (no ring)
                                (no ring)
                                (no ring)

@: spider-form, not resistant to hostile enchantments, unstealthy
A: almost no armour, (amphibious), 8 rings, (constrict 8), (camouflage 0),
(gelatinous body 0)
a: End Transformation


You were on level 2 of the Dungeon.
You were not hungry.
You were a venomous arachnid creature.
You visited 1 branch of the dungeon, and saw 2 of its levels.

You collected 90 gold pieces.

Inventory:

Missiles
 a - 9 arrows
Armour
 f - a +0 hat (melded)
Scrolls
 d - a scroll of magic mapping {unknown}
 g - 2 scrolls of identify {unknown}
 i - a scroll of enchant armour {unknown}
 j - a scroll of teleportation {unknown}
 m - a scroll of amnesia {unknown}
 n - a scroll of random uselessness {unknown}
Potions
 e - a potion of agility {unknown}
 h - a potion of lignification {unknown}
Books
 b - a book of Changes

   Spells                             Type                      Level
   a - Beastly Appendage              Transmutation                1
   b - Sticks to Snakes               Transmutation                2
   c - Spider Form                    Transmutation/Poison         3
   d - Ice Form                       Ice/Transmutation            4
   e - Blade Hands                    Transmutation                5
Comestibles
 c - 3 bread rations
 k - a chunk of flesh
 l - a meat ration


   Skills:
 - Level 1.0 Fighting
 - Level 2.0 Dodging
 + Level 3.3 Unarmed Combat
 - Level 2.0 Spellcasting
 - Level 4.0 Transmutations
 - Level 1.4 Poison Magic


You had one spell level left.
You knew the following spells:

 Your Spells              Type           Power        Failure   Level  Hunger
a - Beastly Appendage     Tmut           ##....       14%         1    #......
b - Sticks to Snakes      Tmut           ##......     21%         2    ###....
c - Spider Form           Tmut/Pois      ##........   41%         3    ###....


Dungeon Overview and Level Annotations

Branches:
Dungeon (2/15)

Altars:
Fedhas


Innate Abilities, Weirdness & Mutations

You cannot wear most types of armour.
((You are amphibious.))
You can wear up to eight rings at the same time.
((You can use your tentacles to constrict eight enemies at once.))
((Your skin changes colour to match your surroundings (Stealth+).))
((Your rubbery body absorbs attacks. (AC +1)))


Message History

Confirm with . or Enter, or press ? or * to list all spells.
You turn into a venomous arachnid creature.
Your +0 hat melds into your body.
The gnoll misses you. x2
Unknown command.
You hit the gnoll but do no damage.
The gnoll is lightly wounded.
The gnoll closely misses you.
The gnoll hits you from afar with a halberd.
You hit the gnoll.
The gnoll looks as sick as possible!
The gnoll is severely wounded.
The gnoll hits you. The gnoll completely misses you. The gnoll hits you.
You barely miss the gnoll. The gnoll hits you.
* * * LOW HITPOINT WARNING * * *
The gnoll hits you.
* * * LOW HITPOINT WARNING * * *
The gnoll hits you with a halberd.
* * * LOW HITPOINT WARNING * * *
The gnoll misses you.
The gnoll hits you from afar with a halberd!
You die...

###.#.# #......###r.....#.##..#
#...#.# #...##......#####.##..##
..###.# ##..##gr...........#...##
.<.##.# #...#.########..#.......
#..#..# #....)# #...#####..##
#.....####....## #.### ##.##
#.............#### #.# #.##
#.#.#.###....rggg# #.# #..#
#.#.#.PPP..##..#s# ##.# #..#
#.#.#P.P.P.##..#.###..# #..#
..#.#P._PP..#.........########..#
.##)#PPPPP..#..#..###...........#
....#.PPP..........#########....#
.###....######...#.# #.....
......### ####...#.## #.....
......# #.........# ##....
......# #.......#.## #....


You could see 3 gnolls and a rat.

Vanquished Creatures
  A gnoll (D:2)
  3 adders (D:2)
  2 dart slugs (D:1)
  2 giant geckos
  4 bats
  2 giant cockroaches
  6 goblins
  3 hobgoblins
  9 jackals
  4 kobolds
  A ball python (D:1)
  4 giant newts
  3 rats
44 creatures vanquished.

Vanquished Creatures (collateral kills)
  An adder (D:2)
  A jackal (D:2)
2 creatures vanquished.

Grand Total: 46 creatures vanquished

Notes
Turn   | Place    | Note
-------+----------+-------------------------------------------
     0 | D:1      | HenryFlower the Octopode Transmuter began the quest for the Orb.
     0 | D:1      | Reached XP level 1. HP: 13/13 MP: 3/3
   147 | D:1      | Reached XP level 2. HP: 12/18 MP: 5/5
   179 | D:1      | Reached skill level 3 in Transmutations
   421 | D:1      | Learned a level 2 spell: Sticks to Snakes
   669 | D:1      | Reached XP level 3. HP: 21/23 MP: 6/6
  1256 | D:2      | Reached skill level 4 in Transmutations
  1321 | D:2      | Learned a level 3 spell: Spider Form
  1370 | D:2      | Reached skill level 1 in Poison Magic
  1370 | D:2      | Reached XP level 4. HP: 24/28 MP: 3/7
  1595 | D:2      | Found a blossoming altar of Fedhas.
  1964 | D:2      | Slain by a gnoll

Vault maps used:
D:1:      minmay_arrival_four_circles, columned_hall_lemuel
D:2:      fedhas_altar_3, nicolae_tso_swordbearing_angel

Skill      XL: |  1  2  3 |
---------------+----------+-----
Transmutations | 3 4 |  4.0
Poison Magic   | 1 |  1.4
Fighting       | |  1.0
Dodging        | |  2.0
Unarmed Combat | |  3.3
Spellcasting   | |  2.0

Action                   |  1- 3 |  4- 6 || total
-------------------------+-------+-------++-------
Melee: Unarmed           |    60 |    39 ||    99
       Constrict         |    16 |     8 ||    24
       Tentacles         |    12 |     5 ||    17
       Punch             |     1 |       ||     1
 Cast: Sticks to Snakes  |     3 |       ||     3
       Spider Form       |     1 |     3 ||     4
 Stab: Sleeping          |     4 |       ||     4
  Eat: Chunk             |     2 |     2 ||     4
Armor: Skin              |     4 |     5 ||     9
Dodge: Dodged            |    27 |    37 ||    64
